Unix NetHack Version 5.0.0-0 post-release - last build May  4 2026 22:22:43 (774f63e81ad911689b3a0859ea89b322d5daca8d,branch:main).

Game began 2026-05-05 01:48:04, ended 2026-05-06 05:47:59.

AuraMoom, chaotic male orcish Barbarian

                             ----------------
  -----------                |..............|                       -----
  |.........|     -------   #-..............|      -------------   #....|
  |..........####%.....<| ###|..............-#     |...........|   #|...|
  |.........|    #|......####|..............|#     |...>.......|####....|
  |.........-#   #|.....|##  ----------------      |...........|####-----
  |.........|#   #|.....|#                   #     |.$.........|#
  --|--------#   #|......##                  ##    -------------#
    #        #   #------- #                  ##             #####
    ####     ##  ##########                @##             ##
       #     # #   #     ####             ## #            ##
       #     #     #        #          ..    #            #
       `###  #   ` #        #       ....     #          ###
          ########**        #      -----     #          #---------------
             #---+-#        ()#######        #         ##|.============|
             #....|#                ####     #-----  ####-.=*=="=*"====|
              |*..|#                   ######%))...##### |.============|
              |....#                          |%..|      |===*="====*=*|
              -----                           -----      ---------------

AuraMoom the Bandit        St:18 Dx:17 Co:18 In:7 Wi:9 Ch:6  Chaotic
Dlvl:4  $:1033 HP:0(90) Pw:17(17) AC:0  Xp:9 T:7922  FoodPois

Latest messages:
 You see here a ring of levitation (for sale, 300 zorkmids).
 You see here a sapphire ring (for sale, 300 zorkmids).
 You see here a gold ring (for sale, 300 zorkmids).
 You see here a sapphire ring (for sale, 300 zorkmids).
 Pick a monster, object or location.
 The white unicorn butts!
 The white unicorn kicks!
 The white unicorn butts!
 The white unicorn kicks!
 The white unicorn misses!
 The white unicorn kicks!
 The white unicorn misses!
 The white unicorn kicks!
 The white unicorn misses!
 The white unicorn kicks!
 You kill the white unicorn!
 Your knapsack cannot accommodate any more items.
 "Hello, AuraMoom!  Welcome again to Tapper's jewelers!"
 What do you want to drop? [$a-zA-Z or ?*] ?
 You drop a cursed ring of levitation.
 Tapper offers 100 gold pieces for your ring of levitation.  Sell it? [ynaq] (n) y
 You sold a cursed ring of levitation for 100 gold pieces.
 x - a unicorn horn.
 You see here 2 corroded arrows.
 There is an open door here.
 You see here 2 corroded arrows.
 You see here a jaguar corpse.
 The white unicorn vanishes!
 You see here a jaguar corpse.
 There is an open door here.
 You see here 2 corroded arrows.
 You see here 2 corroded arrows.
 You see here a white unicorn corpse.
 There is a white unicorn corpse here; eat it? [ynq] (n) y
 Ulch - that meat was tainted!
 You feel deathly sick.
 (It must have died too long ago to be safe to eat.)
 You see here 2 corroded arrows.
 There is an open door here.
 You see here 2 corroded arrows.
 You see here a jaguar corpse.
 Your sickness feels worse.
 Your sickness is severe.
 You are at Death's door.
 You die from your illness.
 Do you want your possessions identified? [ynq] (y) y
 Do you want to see your attributes? [ynq] (y) y
 Do you want an account of creatures vanquished? [ynaq] (y) n
 Do you want to see your conduct and achievements? [ynq] (y) y
 Do you want to see the dungeon overview? [ynq] (y) y

Inventory:
 Coins    ('$')
  $ - 1033 gold pieces
 Weapons  (')')
  h - 11 cursed +0 arrows (in quiver)
  R - a +1 bow (alternate weapon; not wielded)
  V - a +0 elven dagger
  a - a very corroded +2 battle-axe (weapon in hands)
  b - a +0 orcish short sword
 Armor    ('[')
  M - a blessed corroded +3 orcish helm (being worn)
  E - an uncursed corroded +1 pair of iron shoes (being worn)
  Q - a cursed -1 dwarvish mithril-coat (being worn)
 Comestibles  ('%')
  d - 7 uncursed food rations
  s - 2 cursed fortune cookies
  F - a cursed lembas wafer
  J - an uncursed sprig of wolfsbane
  p - an uncursed tripe ration
 Scrolls  ('?')
  n - an uncursed scroll of create monster
  w - an uncursed scroll of food detection
  W - a cursed scroll of light
  Z - an uncursed scroll of magic mapping
  H - an uncursed scroll of taming
  N - an uncursed scroll of teleportation
 Potions  ('!')
  o - a blessed potion of blindness
  U - a blessed potion of extra healing
  S - an uncursed potion of full healing
  I - an uncursed potion of monster detection
  k - an uncursed potion of object detection
  z - a cursed potion of object detection
 Rings    ('=')
  X - a cursed -1 ring of protection
 Wands    ('/')
  D - a wand of digging (0:2)
  L - a cursed wand of opening (0:3)
  K - a wand of striking (0:1)
 Tools    ('(')
  g - an uncursed bell
  j - an uncursed credit card
  v - an uncursed lock pick
  G - an uncursed lock pick
  i - an uncursed mirror
  C - a blessed oil lamp
  f - an uncursed skeleton key
  m - an uncursed tin opener
  u - an uncursed tin whistle
  x - a +0 unicorn horn
 Gems/Stones  ('*')
  T - an uncursed agate stone
  Y - 2 uncursed citrine stones
  O - an uncursed diamond
  t - 2 uncursed fluorite stones
  l - an uncursed ruby
  A - an uncursed sapphire
  q - 2 uncursed worthless pieces of orange glass
  e - 2 uncursed worthless pieces of red glass
  P - 4 uncursed worthless pieces of violet glass
  B - 4 uncursed worthless pieces of white glass
  r - an uncursed worthless piece of yellow glass
  y - an uncursed worthless piece of yellowish brown glass
  c - an uncursed luckstone

AuraMoom the Barbarian's attributes:

Background:
 You were a Bandit, a level 9 male orcish Barbarian.
 You were chaotic, on a mission for Set
 who was opposed by Mitra (lawful) and Crom (neutral).
 You were right-handed.
 You were in the Dungeons of Doom, on level 4.
 You entered the dungeon 7922 turns ago.
 It was nighttime.
 You had 4234 experience points, 886 more were needed to attain level 10.

Basics:
 You had 0 out of 90 hit points.
 You had all 17 energy points (spell power).
 Your armor class was 0.
 Your wallet contained 1033 zorkmids.
 Autopickup was off.

Final Characteristics:
 Your strength was 18 (limit:18/50).
 Your dexterity was 17 (limit:18).
 Your constitution was 18 (limit:18).
 Your intelligence was 7 (limit:16).
 Your wisdom was 9 (limit:16).
 Your charisma was 6 (limit:16).

Final Status:
 You died from food poisoning.
 You weren't hungry.
 You were unencumbered.
 You were wielding an axe.
 You had expert skill with axe.

Final Attributes:
 You were piously aligned.
 You were poison resistant.
 You had infravision.
 You could teleport.
 You were guarded.
 You were fast.
 You were lucky.
 You had extra luck.
 Bad luck did not time out for you.
 Good luck did not time out for you.
 You are dead.

Miscellaneous:
 You encountered 1 bones level.
 Total elapsed playing time was 3 hours, 6 minutes and 3 seconds.

Major events:
 Turn
    1: AuraMoom the chaotic male orcish Barbarian entered the dungeon
 1064: entered the Gnomish Mines
 1087: attained the rank of Pillager (level 3)
 2008: attained the rank of Bandit (level 6)
 3928: reached Mine Town
 7922: poisoned by a rotted white unicorn corpse

You didn't know any spells.

Skills:
 Fighting Skills
   bare handed combat [Basic]
   two weapon combat  [Unskilled]
   riding             [Unskilled]
 Weapon Skills
   dagger             [Unskilled]
   axe                [Expert]
   pick-axe           [Unskilled]
   short sword        [Basic]
   broadsword         [Unskilled]
   long sword         [Unskilled]
   two-handed sword   [Unskilled]
   saber              [Unskilled]
   club               [Unskilled]
   mace               [Unskilled]
   morning star       [Unskilled]
   flail              [Unskilled]
   hammer             [Unskilled]
   quarterstaff       [Unskilled]
   spear              [Unskilled]
   trident            [Unskilled]
   bow                [Unskilled]
 Spellcasting Skills
   attack spells      [Unskilled]
   escape spells      [Unskilled]

Voluntary challenges:
 Character rerolling was not enabled.
 You never genocided any monsters.
 You never polymorphed an object.
 You never changed form.
 You used no wishes.
Achievements:
 You entered a shop.
 You entered the Gnomish Mines.
 You attained the rank of Pillager.
 You attained the rank of Bandit.
 You entered Minetown.
 You entered a temple.

 The Dungeons of Doom: levels 1 to 4
    Level 1:
    Level 2:
       A scroll shop.
    Level 3:
       An armor shop.
       Stairs down to The Gnomish Mines.
    Level 4: <- You were here.
       A ring shop, a sink.
       Final resting place for
          you, poisoned by a rotted white unicorn corpse,
          boonks-Tou-Hum-Mal-Neu, killed by a fox.
 The Gnomish Mines: levels 4 to 12
    Level 4:
    Level 5:
    Level 6:
    Level 7:
       Many shops, a temple and an altar to Set, some fountains.
    Level 8:
    Level 9:
    Level 10:
    Level 12:


Vanquished creatures:
  2 black puddings
  a ghost
  a large mimic
  a vrock
  a quantum mechanic
  2 large cats
  a gargoyle
  a dwarf ruler
  a tengu
  a chameleon
  3 quivering blobs
  3 cockatrices
  5 wolves
  a winter wolf cub
  3 leprechauns
  a giant spider
  3 gnome rulers
  2 lizards
  a jaguar
  3 dwarf leaders
  a white unicorn
  a raven
  a snake
  4 human zombies
  4 soldier ants
  a fire ant
  a wood nymph
  2 mountain nymphs
  a rock piercer
  2 rock moles
  2 ponies
  a fog cloud
 14 gnome leaders
  7 gnomish wizards
  a kobold mummy
  a straw golem
  a paper golem
 12 giant ants
  2 little dogs
  5 floating eyes
  5 kittens
 17 dwarves
  2 kobold shamans
 14 rothes
  2 centipedes
  a giant bat
 an orc zombie
  a dwarf zombie
  2 iguanas
  2 acid blobs
  3 coyotes
  a gas spore
  3 hobbits
  a large kobold
  2 cave spiders
  a brown mold
  a green mold
 62 gnomes
  9 garter snakes
  4 geckos
  5 jackals
  4 foxes
  2 kobolds
  2 goblins
  a sewer rat
  8 grid bugs
  a bat
  5 lichens
  2 kobold zombies
  9 newts
274 creatures vanquished.

No species were genocided or became extinct.

Game over:
                       ----------
                      /          \
                     /    REST    \
                    /      IN      \
                   /     PEACE      \
                  /                  \
                  |     AuraMoom     |
                  |     1033 Au      |
                  |  poisoned by a   |
                  |   rotted white   |
                  |  unicorn corpse  |
                  |                  |
                  |       2026       |
                 *|     *  *  *      | *
        _________)/\\_//(\/(/\)/\//\/|_)_______

Goodbye AuraMoom the Barbarian...

You were poisoned in The Dungeons of Doom on dungeon level 4 with 18466 points,
and 1033 pieces of gold, after 7922 moves.
You were level 9 with a maximum of 90 hit points when you were poisoned.

